wild decrews and close calls

Match 28240124
End
Selects Italian Combined Arms Battlegroup
Selects Bersaglieri Squad
Bersaglieri Squad
Kradschützen Motorcycle Team
Bersaglieri Squad
Bersaglieri Squad
Construct Light Support Kompanie
Combat Half-tracks
Fire Support Elements
2.5-tonne Medical Truck
le.IG 18 Mechanized Group
Pak 38 Anti-tank Gun Team
Pak 38 Anti-tank Gun Team
2.5-tonne Medical Truck
Selects Semovente da 75/18 Assault Gun
Selects Carro Armato M13/40 Light Tank
Carro Armato M13/40 Light Tank
Construct Panzerarmee Kommand
Emergency Repair Kits
Selects Bersaglieri Bolster
MG34 Team
Selects Breda Model 30 Light Machine Guns
Armored Reserves
Panzer III L Medium Tank
Vehicle Survival Package
Selects Artillery Cover
Artillery Cover
Panzer IV Assault Group
Panzer III L Medium Tank
Artillery Cover
ToxicGrenadier
Zuntew
0
0

Comments sign in to comment!

Zuntew [U] 11 months ago

early game is going to be slow, so speed it up.